 Dungeon Crawl Stone Soup version 0.30-b1-2-g02819fbbbe (webtiles) character file.

Game seed: 17369532275443064998

1273 nightchill the Cleaver (level 8, -8/70 (74) HPs)
             Began as a Minotaur Fighter on Jan 17, 2024.
             Was a Priest of Ru.
             Mangled by a komodo dragon (12 damage)
             ... on level 7 of the Dungeon.
             The game lasted 00:10:18 (3784 turns).

nightchill the Cleaver (Minotaur Fighter)           Turns: 3784, Time: 00:10:18

HP:   -8/70 (74)    AC:  9    Str: 27    XL:     8   Next: 28%
MP:   7/7           EV: 10    Int:  8    God:    Ru [***...]
Gold: 397           SH:  4    Dex: 11    Spells: 7/7 levels left

rFire   . . .        a - +0 war axe
rCold   + . .        c - +0 buckler
rNeg    . . .        w - +5 ring mail "Kogiaps" {Drain rElec Str+3}
rPois   .            (helmet restricted)
rElec   +            o - +0 cloak
rCorr   .            F - +0 pair of gloves
SInv    .            (no boots)
Will    +....        f - amulet of regeneration Stlth
                     u - ring of protection from cold
HPRegen 1.11/turn    C - ring of Meuteton {rElec Will+ Str+2 Int+3}
MPRegen 0.10/turn

%: no passive effects
@: mighty, exhausted, corroded, drained
A: horns 2, no stealth, inability to use devices, retaliatory headbutt
a: Renounce Religion, Draw Out Power


You were on level 7 of the Dungeon.
You worshipped Ru.
Ru was most pleased with you.
You visited 2 branches of the dungeon, and saw 8 of its levels.

You collected 397 gold pieces.

Inventory:

Hand Weapons
 a - a +0 war axe (weapon)
Armour
 c - a +0 buckler (worn)
 o - a +0 cloak (worn)
 w - the +5 ring mail "Kogiaps" (worn) {Drain rElec Str+3}
   (You found it on level 3 of the Dungeon)

   Str:       It affects your strength (+3).
   rElec:     It insulates you from electricity.
   Drain:     It drains your maximum health when unequipped.
 F - a +0 pair of gloves (worn)
Jewellery
 f - an amulet of regeneration (around neck)
 u - a ring of protection from cold (left hand)
 C - the ring of Meuteton (right hand) {rElec Will+ Str+2 Int+3}
   (You found it on level 5 of the Dungeon)

   [ring of willpower]

   Str:       It affects your strength (+2).
   Int:       It affects your intelligence (+3).
   rElec:     It insulates you from electricity.
   Will:      It increases your willpower.
Scrolls
 g - 5 scrolls of identify {unknown}
 h - a scroll of poison {unknown}
 i - 2 scrolls of immolation {unknown}
 k - 3 scrolls of enchant armour {unknown}
 l - a scroll of magic mapping {unknown}
 n - 2 scrolls of enchant weapon {unknown}
 p - 2 scrolls of noise {unknown}
 q - 3 scrolls of fear {unknown}
 r - 6 scrolls of teleportation {unknown}
 t - a scroll of fog {unknown}
 y - a scroll of silence {unknown}
 D - 3 scrolls of blinking {unknown}
Potions
 e - 2 potions of flight {unknown}
 m - 3 potions of curing
 v - a potion of cancellation {unknown}
 z - a potion of attraction {unknown}
 A - a potion of degeneration {unknown}


   Skills:
 + Level 7.8 Fighting
 * Level 10.1 Axes
 - Level 3.6 Armour
 - Level 3.6 Shields


You had 7 spell levels left.
You didn't know any spells.
Your spell library contained the following spells:

 Spells                   Type           Power      Damage    Failure   Level
 Ensorcelled Hibernation  Hex/Ice        0%         N/A       75%         2
 Passwall                 Tmut/Erth      0%         N/A       75%         2
 Poisonous Vapours        Pois/Air       0%         N/A       75%         2
 Mephitic Cloud           Conj/Pois/Air  0%         N/A       92%         3
 Stone Arrow              Conj/Erth      0%         3d7       92%         3
 Swiftness                Air            0%         N/A       92%         3
 Animate Armour           Summ/Erth      0%         N/A       100%        4
 Freezing Cloud           Conj/Ice/Air   0%         6-21      100%        5
 Lehudib's Crystal Spear  Conj/Erth      0%         10d2      100%        8


Dungeon Overview and Level Annotations

Branches:
Dungeon (7/15)             Temple (1/1) D:6

Altars:
Cheibriados
Dithmenos
Hepliaklqana
Qazlal
Ru
Sif Muna
Trog
Yredelemnul

Shops:
D:2 ?   D:3 (   D:6 !   D:7 :

Annotations:
D:2 1 runed translucent door, Crazy Yiuf
D:3 2 transporters, diceflayer's ghost, amateur DsHu


Innate Abilities, Weirdness & Mutations

You have a pair of horns on your head.
You cannot be stealthy.
You cannot study or use magical devices.
You reflexively headbutt those who attack you in melee.


Message History

Found a sling.
You see here a wand of iceblast (12).
There is an entrance to Maigg's Book Shop here.
You see here a +0 war axe.
A jelly comes into view.
The jelly quivers.
Found a scroll labelled TAYCRIJOENA.
An orc and a komodo dragon come into view.
The orc shouts!
The komodo dragon hisses angrily.
Found 16 gold pieces.
The jelly hits you but does no damage.
You slash the jelly! The acid corrodes you!
Your hands burn!
You headbutt the jelly.
You kill the jelly!
A shadow comes into view.
The komodo dragon attacks as you move away!
The komodo dragon barely misses you.
The komodo dragon attacks as you move away!
The komodo dragon bites you but does no damage.
The komodo dragon attacks as you move away!
The komodo dragon closely misses you.
You see here a +0 war axe.
The komodo dragon attacks as you move away!
The komodo dragon bites you!
The komodo dragon attacks as you move away!
The komodo dragon bites you!!
You hit the komodo dragon but do no damage.
The komodo dragon hisses menacingly.
The komodo dragon bites you!!
* * * LOW HITPOINT WARNING * * *
Okay, then.
You are restored by drawing out deep reserves of power within.
You feel drained.
The komodo dragon bites you but does no damage.
You feel very mighty all of a sudden. The komodo dragon bites you!!
* * * LOW HITPOINT WARNING * * *
You hit the komodo dragon.
The komodo dragon is lightly wounded.
The komodo dragon bites you!
You die...

...........#
.#.#...#........#
#...#..#........#
.......######<##
#.... .### #.#
.#$#... ..# #.#
#...#..###.# #.#
........##.###.#
#.....o.o.##@# #
#?#..###.#).#l#.#
...# ###.##.#.#.#
.W. ............#
. ..........###
.####..#..#
##.#∩.# ..#./#
#.##..#


You could see a komodo dragon.

Vanquished Creatures
  2 ogres
  A centaur (D:6)
  A phantom (D:7)
  3 scorpions
  2 howler monkeys
  3 hounds
  4 jellies
  3 orc priests
  3 iguanas
  3 orc wizards
  A sleepcap (D:6)
  12 adders
  A white imp (D:6)
  An ufetubus (D:4)
  2 worms
  3 dart slugs
  12 orcs
  7 bats
  14 endoplasms
  3 giant cockroaches
  3 goblins (D:2)
  7 hobgoblins
  17 kobolds
  5 quokkas (D:1)
  3 ball pythons
  3 frilled lizards
  7 rats
126 creatures vanquished.

Vanquished Creatures (others)
  3 fungi (D:3)
  5 toadstools (D:3)
8 creatures vanquished.

Grand Total: 134 creatures vanquished

Notes
Turn   | Place    | Note
-------+----------+-------------------------------------------
     0 | D:1      | nightchill the Minotaur Fighter began the quest for the
                  | Orb.
     0 | D:1      | Reached XP level 1. HP: 19/19 MP: 0/0
    65 | D:1      | Reached skill level 3 in Axes
    93 | D:1      | Reached XP level 2. HP: 27/27 MP: 1/1
   309 | D:1      | Reached XP level 3. HP: 33/33 MP: 2/2
   490 | D:2      | Found a runed translucent door.
   491 | D:2      | Noticed Crazy Yiuf
   532 | D:2      | Found Yvops's Magic Scroll Shop.
   570 | D:2      | Reached skill level 4 in Axes
   703 | D:2      | Reached XP level 4. HP: 41/41 MP: 3/3
   738 | D:2      | Reached skill level 5 in Axes
   755 | D:2      | Noticed an ogre
   761 | D:2      | Killed an ogre
   762 | D:2      | Reached skill level 5 in Fighting
   762 | D:2      | Reached XP level 5. HP: 44/48 MP: 4/4
   990 | D:2      | Reached skill level 6 in Axes
  1080 | D:2      | Found a faded altar of an unknown god.
  1096 | D:2      | Prayed at the altar of an unknown god.
  1096 | D:2      | Became a worshipper of Ru the Awakened
  1105 | D:2      | Gained mutation: You cannot be stealthy. [Ru sacrifice]
  1252 | D:3      | Noticed diceflayer's ghost (amateur DsHu)
  1252 | D:3      | Found a transporter.
  1274 | D:3      | Found a transporter.
  1470 | D:3      | Found Sutagg's Weapon Shop.
  1512 | D:3      | Reached XP level 6. HP: 56/56 MP: 5/5
  1703 | D:3      | Identified the +5 ring mail "Kogiaps" {Drain rElec Str+3}
  1948 | D:4      | You fall into a shaft and drop 2 floors!
  1959 | D:6      | Found a staircase to the Ecumenical Temple.
  1969 | Temple   | Entered the Ecumenical Temple
  1980 | D:5      | Entered Level 5 of the Dungeon
  2062 | D:5      | Reached skill level 7 in Axes
  2168 | D:5      | Reached XP level 7. HP: 47/64 MP: 6/6
  2250 | D:5      | Reached skill level 8 in Axes
  2255 | D:5      | Identified the ring of Meuteton {rElec Will+ Str+2 Int+3}
  2678 | D:5      | Gained mutation: You cannot study or use magical devices.
                  | [Ru sacrifice]
  2678 | D:5      | Reached * piety under Ru
  2678 | D:5      | Reached ** piety under Ru
  2678 | D:5      | Reached *** piety under Ru
  3101 | D:6      | Reached skill level 9 in Axes
  3320 | D:6      | Reached XP level 8. HP: 69/73 MP: 7/7
  3407 | D:6      | Found Veps's Distillery.
  3741 | D:7      | Reached skill level 10 in Axes
  3750 | D:7      | Found Maigg's Book Shop.
  3769 | D:7      | Noticed a komodo dragon
  3783 | D:7      | HP: 3/70 [komodo dragon (27)]
  3784 | D:7      | Mangled by a komodo dragon

Illustrated notes

Levels and vault maps discovered:
D:1:      dpeg_arrival_windows_large_door, layout_basic, minivault_11
D:2:      layout_loops_ring, nicolae_ecumenical_lake_church, serial_shops,
          nicolae_square_shop, hangedman_feature_mirror, minmay_guardbox,
          uniq_crazy_yiuf_cottage
D:3:      cheibrodos_fertilizer, layout_rooms, serial_shops,
          nicolae_shop_scrapyard, gammafunk_ghost_arena, hex_medium
D:4:      layout_basic, chequers_serial_rivers_large_a, item_on_display_a
D:5:      layout_layer_cave, mrwooster_statue_mirror
D:6:      layout_loops_ring, minmay_temple_entry_statues_pillars, serial_shops,
          shop
D:7:      cheibrodos_fzero, layout_basic, serial_shops, shop
Temple:   eino_narrow_crystal_temple

Skill      XL: |  1  2  3  4  5  6  7  8 |
---------------+-------------------------+-----
Axes           | 3 4 5 6 7 9 10 | 10.1
Fighting       | 4 5 6 7 |  7.8
Armour         | |  3.6
Shields        | |  3.6

Action                     |  1- 3 |  4- 6 |  7- 9 || total
---------------------------+-------+-------+-------++-------
  Melee: War axe           |    75 |   127 |    79 ||   281
         Headbutt          |     6 |    12 |    16 ||    34
 Invoke: Sacrifice Stealth |       |     1 |       ||     1
         Sacrifice Artific |       |       |     1 ||     1
         Draw Out Power    |       |       |     1 ||     1
    Use: Potion            |       |     1 |     2 ||     3
   Stab: Distracted        |       |       |     1 ||     1
 Armour: Scale mail        |    37 |    20 |       ||    57
         Chain mail        |       |    23 |       ||    23
         Ring mail         |       |    19 |    41 ||    60
  Dodge: Dodged            |    42 |    52 |    32 ||   126
  Block: Buckler           |    17 |    28 |    17 ||    62
